 Dungeon Crawl Stone Soup version 0.29-a0-72-g1732ff48e7 (webtiles) character file.

Game seed: 13570900488592576400

85 Spectrina the Skirmisher (level 4, 0/41 HPs)
             Began as a Draconian Monk on Feb 3, 2022.
             Slain by Edmund (9 damage)
             ... on level 4 of the Dungeon.
             The game lasted 00:11:49 (1208 turns).

Spectrina the Skirmisher (Draconian Monk)           Turns: 1208, Time: 00:11:50

Health: 0/41       AC:  5    Str: 14    XL:     4   Next: 25%
Magic:  0/4        EV: 12    Int: 12    God:
Gold:   69         SH:  0    Dex: 15    Spells: 3/3 levels left

rFire   . . .      SeeInvis .   j - +11 plutonium sword {Contam Stlth-}
rCold   . . .      Faith    .   (shield currently unavailable)
rNeg    . . .      Spirit   +   (armour unavailable)
rPois   +          Reflect  .   (helmet restricted)
rElec   .          Harm     .   (no cloak)
rCorr   .          Rampage  .   (no gloves)
Will    .....                   (no boots)
Stlth   +.........              i - amulet of guardian spirit
HPRegen 0.13/turn               (no ring)
MPRegen 0.09/turn               (no ring)

@: no status effects
A: AC +5, unfitting armour, cold-blooded, clever 1, poison resistance, no potion
heal 1
a: no special abilities


You were on level 4 of the Dungeon.
You visited 1 branch of the dungeon, and saw 4 of its levels.

You collected 69 gold pieces.

Inventory:

Hand Weapons
 j - the +11 plutonium sword (weapon) {Contam Stlth-}
   (You found it on level 3 of the Dungeon)

   It occasionally inflicts wild transmutation effects on those it strikes,
   inflicting malmutation or extra damage, or polymorphing them into a new form.
   Contam:    It causes magical contamination when unequipped.
   Stlth:     It makes you less stealthy.
Missiles
 b - 52 stones (quivered)
Jewellery
 i - an amulet of guardian spirit (around neck)
 k - an amulet of magic regeneration
Scrolls
 d - 2 scrolls of identify
 f - a scroll of immolation
Potions
 a - a potion of mutation
 c - a potion of degeneration


   Skills:
 - Level 4.7 Fighting
 + Level 1.3 Long Blades
 - Level 2.6 Dodging
 - Level 1.7 Stealth
 - Level 3.7 Unarmed Combat


You had 3 spell levels left.
You didn't know any spells.
Your spell library contained the following spells:

 Spells                   Type           Power      Damage    Failure   Level
 Gell's Gravitas          Tloc           0%         N/A       69%         3
 Teleport Other           Tloc           0%         N/A       69%         3
 Dispersal                Tloc           0%         N/A       100%        6


Dungeon Overview and Level Annotations

Branches:
Dungeon (4/15)
 Temple: D:4-7

Altars:
Uskayaw

Shops:
D:1 (   D:4 *

Annotations:
D:3 Natasha
D:4 Edmund


Innate Abilities, Weirdness & Mutations

Your plain brown scales are hard. (AC +5)
You cannot fit into any form of body armour.
You are cold-blooded and may be slowed by cold attacks.
Your mind is acute. (Int +2)
Your system is resistant to poisons. (rPois)
Potions are less effective at restoring your health.


Message History

You kill the rat!
You see here a rat corpse.
You see here a bat corpse.
b - 51 stones (gained 17)
c - a viscous coppery potion
b - 52 stones (gained 1)
There is a stone staircase leading down here.
You climb downwards.
Level annotation: Edmund
There is a stone staircase leading up here.
Unknown command.
Edmund shouts!
Unknown command.
Okay, then.
Okay, then.
Okay, then.
Okay, then.
Unknown command.
As you read the scroll of identify, it crumbles to dust.
c - a potion of degeneration
As you read the scroll of identify, it crumbles to dust.
f - a scroll of immolation You hit Edmund.
You tail-slap Edmund, but do no damage.
Edmund is lightly wounded.
Edmund closely misses you. x2
You barely miss Edmund.
Edmund is lightly wounded.
Edmund hits you with a +0 vorpal flail. x2
You hit Edmund but do no damage. You tail-slap Edmund, but do no damage.
Edmund is lightly wounded.
Edmund hits you with a +0 vorpal flail!
* * * LOW HITPOINT WARNING * * *
Edmund hits you with a +0 vorpal flail.
* * * LOW HITPOINT WARNING * * *
x2 Unknown command.
Okay, then.
You hit Edmund but do no damage. You tail-slap Edmund, but do no damage.
Edmund is lightly wounded.
Edmund hits you with a +0 vorpal flail!
You die...

##### ...### ### #...#
#.# #...# #.# #...####
### # #.# #.#<...#
.#.#.#.#@###.####.#
........@....####.#
###.....#.#..........#
#.......#.#.##########
#.......# #..
#<..@...# #.#
#.......# #.#
#.......# ..#
#.#...... ..


You could see Edmund.

Vanquished Creatures
  A gnoll (D:3)
  2 adders (D:3)
  A dart slug (D:2)
  3 orcs (D:3)
  3 ball pythons (D:2)
  7 endoplasms
  4 giant cockroaches
  2 goblins
  A hobgoblin (D:3)
  7 jackals
  3 kobolds
  2 quokkas (D:1)
  4 bats
  2 frilled lizards (D:2)
  6 rats
48 creatures vanquished.

Notes
Turn   | Place    | Note
-------+----------+-------------------------------------------
     0 | D:1      | Spectrina the Draconian Monk began the quest for the Orb.
     0 | D:1      | Reached XP level 1. HP: 19/19 MP: 1/1
    40 | D:1      | Found Tecw's Antique Weapon Emporium.
    84 | D:2      | Reached XP level 2. HP: 24/26 MP: 2/2
   331 | D:2      | Reached XP level 3. HP: 21/33 MP: 3/3
   357 | D:3      | Reached skill level 4 in Fighting
   664 | D:3      | Noticed Natasha
   773 | D:4      | Found Taly's Overcharged Wands.
   818 | D:4      | Noticed Edmund
   913 | D:3      | Found the +11 plutonium sword {Contam Stlth-}
   937 | D:3      | Found a hide-covered altar of Uskayaw.
   975 | D:3      | Gained mutation: Your mind is acute. (Int +2) [potion of
                  | mutation]
   975 | D:3      | Gained mutation: Your system is resistant to poisons.
                  | (rPois) [potion of mutation]
   975 | D:3      | Gained mutation: Potions are less effective at restoring
                  | your health. [potion of mutation]
  1006 | D:3      | Reached XP level 4. HP: 18/41 MP: 2/4
  1160 | D:3      | Reached skill level 1 in Long Blades
  1208 | D:4      | Slain by Edmund

Illustrated notes

Levels and vault maps discovered:
D:1:      dpeg_arrival_connections, layout_loops_cross, serial_shops,
          shop_statue, due_unseen_surprise
D:2:      layout_basic
D:3:      layout_basic, amcnicky_altar_gilded, roderic_roman_lattice,
          uniq_natasha
D:4:      layout_basic, nicolae_shop_overcharged_wands, uniq_edmund,
          uniq_sigmund

Skill      XL: |  1  2  3  4 |
---------------+-------------+-----
Fighting       | 4 |  4.7
Long Blades    | 1 |  1.3
Dodging        | |  2.6
Stealth        | |  1.7
Unarmed Combat | |  3.7

Action                   |  1- 3 |  4- 6 || total
-------------------------+-------+-------++-------
Melee: Unarmed           |   150 |       ||   150
       Tailslap          |    20 |     3 ||    23
       Punch             |     5 |       ||     5
       Triple sword      |     2 |    12 ||    14
Throw: Stone             |    28 |     8 ||    36
       Dart              |     4 |       ||     4
  Use: Potion            |     3 |       ||     3
       Scroll            |       |     4 ||     4
 Stab: Sleeping          |     4 |       ||     4
Armor: Skin              |    74 |     8 ||    82
Dodge: Dodged            |    74 |    12 ||    86

Table legend: (Time is in decaauts)
 A = Elapsed time spent in this place.
 B = Non-inter-level travel time spent in this place.
 C = Inter-level travel time spent in this place.
 D = Time resting spent in this place.
 E = Time spent auto-exploring this place.
 F = Levels seen in this place.
 G = Mean time per level.
                   A        B        C        D        E       F      G
               +--------+--------+--------+--------+--------+-----+--------+
         Total |   1222 |   1155 |     67 |      0 |      0 |   4 |  305.5 |
       Dungeon |   1222 |   1155 |     67 |      0 |      0 |   4 |  305.5 |
               +--------+--------+--------+--------+--------+-----+--------+

Top non-repeatable levels by time:
     D:2: 476 daAuts
     D:3: 437 daAuts
     D:1: 177 daAuts
     D:4: 131 daAuts
